 Dungeon Crawl Stone Soup version 0.32-a0-705-g60f233581c (webtiles) character file.

Game seed: 11605842465921892093

127192 cojito the Warrior (level 16, -7/163 HPs)
             Began as a Mountain Dwarf Berserker on Mar 14, 2024.
             Was a High Priest of Trog.
             Killed from afar by a spriggan druid (30 damage)
             ... with a stone arrow
             ... on level 3 of the Swamp.
             The game lasted 00:45:08 (25492 turns).

cojito the Warrior (Mountain Dwarf Berserker)      Turns: 25492, Time: 00:45:09

Health: -7/163     AC: 24    Str: 27    XL:     16   Next: 45%
Magic:  16/16      EV: 21    Int:  9    God:    Trog [*****.]
Gold:   278        SH:  0    Dex:  9    Spells: 15/15 levels left

rFire   . . .        e - +5 Lochaber axe {reach-cleave, Poleaxe ^Drain}
rCold   . . .        (shield currently unavailable)
rNeg    . . .        o - +4 ring mail {rPois}
rPois   +            R - +2 helmet
rElec   .            x - +2 cloak {rCorr}
rCorr   +            L - +0 pair of gloves "Waerph" {Harm Will+ Stlth-}
SInv    .            z - +2 pair of boots {rampage}
Will    ++...        f - amulet of faith Stlth
                     r - +5 ring of evasion
HPRegen 0.47/turn    n - +5 ring of evasion
MPRegen 0.15/turn

%: harm (+30% outgoing, +20% incoming), rampage, faith
@: corroded, on berserk cooldown, studying 2 skills, very slow
A: runic magic, artefact enchanting
a: Renounce Religion, Berserk, Trog's Hand, Brothers in Arms


You were on level 3 of the Swamp.
You worshipped Trog.
Trog was extremely pleased with you.
You visited 5 branches of the dungeon, and saw 26 of its levels.
You also visited: Sewer, Ice Cave and Volcano.

You collected 2329 gold pieces.
You spent 2051 gold pieces at shops.

Inventory:

Hand Weapons
 e - the +5 Lochaber axe (weapon) {reach-cleave, Poleaxe ^Drain}
   (You found it on level 13 of the Dungeon)

   Poleaxe:   It uses either Axes or Polearms skill, whichever is higher.
   ^Drain:    It drains your maximum health when unequipped.
 S - a +5 antimagic executioner's axe
Armour
 o - a +4 ring mail of poison resistance (worn)
 x - a +2 cloak of preservation (worn)
 z - a +2 pair of boots of rampaging (worn)
 B - a +2 chain mail of fire resistance
 L - the +0 pair of gloves "Waerph" (worn) {Harm Will+ Stlth-}
   (You found it on level 1 of the Lair of Beasts)

   Will+:     It increases your willpower.
   Harm:      It increases damage dealt and taken.
   Stlth-:    It makes you less stealthy.
 R - a +2 helmet (worn)
Jewellery
 f - an amulet of faith (around neck)
 j - a ring of willpower
 n - a +5 ring of evasion (right hand)
 r - a +5 ring of evasion (left hand)
 E - a ring of ice
 Q - a ring of see invisible
 Y - a +4 ring of protection
 Z - a ring of protection from fire
Wands
 h - a wand of flame (57)
 i - a wand of light (3)
 k - a wand of digging (13)
 u - a wand of iceblast (6)
 G - a wand of polymorph (7)
 V - a wand of mindburst (8)
Scrolls
 c - 8 scrolls of teleportation
 l - 5 scrolls of immolation
 q - 3 scrolls of fog
 t - 3 scrolls of summoning
 y - a scroll of brand weapon
 F - 4 scrolls of identify
 I - a scroll of poison
 K - 6 scrolls of vulnerability
 O - 2 scrolls of revelation
 P - 5 scrolls of blinking
 T - 4 scrolls of enchant weapon
Potions
 a - 2 potions of resistance
 d - 5 potions of brilliance
 g - 8 potions of curing
 m - 7 potions of attraction
 p - 3 potions of heal wounds
 s - a potion of cancellation
 v - 10 potions of haste
 A - 4 potions of lignification
 C - 3 potions of might
 D - 2 potions of ambrosia
 H - 4 potions of berserk rage
 M - 2 potions of magic
 U - a potion of invisibility
 W - 2 potions of mutation
Miscellaneous
 w - a phantom mirror
 J - a lightning rod (4/4)
 X - a phial of floods


   Skills:
 * Level 20.3 Fighting
 + Level 19.2 Axes
 + Level 17.6 Armour
 * Level 3.7 Dodging
 - Level 10.4 Evocations


You had 15 spell levels left.
You didn't know any spells.
Your spell library was empty.

Dungeon Overview and Level Annotations

Branches:
Dungeon (15/15)            Temple (1/1) D:7            Lair (5/5) D:9
  Swamp (3/4) Lair:2       Spider (0/4) Lair:2        Slime (0/5) Lair:5
    Orc (2/2) D:10            Elf (0/3) Orc:2        Vaults (0/5) D:14
 Depths (0/4) D:15          Sewer (visited)           IceCv (visited)
Volcano (visited)

Altars:
Ashenzari
Cheibriados
Dithmenos
Elyvilon
Fedhas
Gozag
Hepliaklqana
Kikubaaqudgha
Makhleb
Nemelex Xobeh
Okawaru
Qazlal
Ru
Sif Muna
Trog
Uskayaw
Vehumet
Wu Jian
Xom
Yredelemnul
Zin
The Shining One
Beogh
Jiyva

Shops:
D:7 !   D:14 *   Orc:1 ?   Orc:2 !([[*

Annotations:
D:9 1 runed translucent door, hikkokomori's ghost, novice CoBe
Lair:5 1 runed translucent door


Innate Abilities, Weirdness & Mutations

Your spellcasting is much less encumbered by armour.
You can use scrolls of enchantment on lesser artefacts.


Message History

The swamp dragon barely misses you. The swamp dragon claws you.
* * * LOW HITPOINT WARNING * * *
The swamp dragon tramples you but does no damage.
The spriggan druid hits you but does no damage.
The tyrant leech bites you.
* * * LOW HITPOINT WARNING * * *
The tyrant leech draws strength from your injuries!
The swamp dragon misses you.
The swamp dragon claws you but does no damage.
The swamp dragon tramples you but does no damage.
The tyrant leech looks more healthy.
The bunyip howls a warning cry!
The spriggan druid calls out to the beasts of the wild!
The tyrant leech closely misses you.
The spriggan druid calls out to the beasts of the wild!
The swamp dragon bites you!
* * * LOW HITPOINT WARNING * * *
The swamp dragon claws you but does no damage.
The swamp dragon tramples you but does no damage.
The tyrant leech closely misses you.
You hear a shout!
A six-headed hydra comes into view.
You feel yourself speed up.
The six-headed hydra roars!
The spriggan druid casts a spell.
The forest starts to sway and rumble!
The swamp dragon barely misses you. x2
The swamp dragon misses you.
The goliath frog hits you but does no damage.
An alligator comes into view.
The swamp dragon barely misses you.
The swamp dragon claws you but does no damage.
The swamp dragon tramples you but does no damage.
The goliath frog hits you from afar.
* * * LOW HITPOINT WARNING * * *
The acid corrodes you!
You are splashed with acid.
You resist.
* * * LOW HITPOINT WARNING * * *
An alligator comes into view.
The spriggan druid gestures at you while chanting.
The stone arrow hits you!!
You die...

~~§...♣♣ **,*,, ..~♣~.§♣
*******,* ~♣♣♣)§§♣
♣♣♣♣♣♣♣♣♣♣♣♣♣♣♣♣,,~,,,,, ♣♣ ♣..~♣
♣♣♣♣♣♣♣♣♣♣♣♣♣♣♣♣,>,,,,,,
♣♣~~♣♣♣~♣♣♣♣♣§..~♣♣♣~♣,,,,,,,,
♣♣..~.<~...♣♣....~....,~~~,,,,
♣♣~.~~.l~~.~~.~~~..~§~~~~~~,~,,
♣♣♣~..~..~~~..D.~†~..~~~~~~,,,,~,
.♣~..~...~~.♣♣♣.@~~.~~~~~~~,,,,~*
~...~~~.~~~~.~♣xiD~.~§...,,~,,,**
..~~~~~..~~~.♣♣.w~F.~~~~~~~,<,***
.~.~~~~.~~§~~.♣♣.~..~~§~~~~~~,***
.~.~§~~~~~~~~..♣....~~.~~~~~~,,**
~~~~~~~~~~~~~~.♣~~..~~~~~~~~~~,,*
~~~.~~~~~~~~~~.♣~§~.~~~§~~~~~~~~,
~§~.....~~~.~~~.~~.~~~l..~,~~~,,,
~~~~..~♣........~..~~~~..~~,,,***


You could see a bunyip, a six-headed hydra, a swamp dragon, 2 alligators, a
tyrant leech, a spriggan druid and a goliath frog.

Vanquished Creatures
  A frost giant (IceCv)
  An eleionoma (Swamp:1)
  4 bunyips
  A spark wasp (Volcano)
  An ettin (D:13)
  Josephine (Lair:3)
  Fannar (D:10)
  3 vault guards
  4 hydras
  4 catoblepae
  Erica (Orc:1)
  5 two-headed ogres
  4 centaur warriors
  7 boulder beetles
  A deep troll shaman (Lair:5)
  6 alligators
  9 death yaks
  3 orc high priests (Orc:2)
  3 deep elf knights (D:13)
  Nergalle (Orc:1)
  A spriggan (Swamp:3)
  8 skeletal warriors
  4 goliath frogs
  An arcanist (D:13)
  A spriggan druid (Swamp:2)
  4 bog bodies
  3 phantasmal warriors (D:13)
  5 lindwurms
  9 orc knights
  A swamp dragon (Swamp:2)
  A deep elf pyromancer (D:14)
  A harpy (shapeshifter) (D:15)
  18 ugly things
  5 orc sorcerers (Orc:2)
  4 will-o-the-wisps
  2 manticores
  5 cyclopes
  14 elephants
  Maurice (D:8)
  A meliai (D:11)
  A black mamba (Lair:5)
  2 kobold blastminers (Orc:2)
  2 smoke demons (Volcano)
  An ice statue (IceCv)
  2 gargoyles (D:10)
  15 cane toads
  10 komodo dragons
  4 unseen horrors
  Maggie (D:7)
  5 rime drakes (IceCv)
  A yaktaur (D:13)
  An efreet (D:14)
  2 ice devils (Lair:5)
  11 trolls
  7 polar bears
  2 hornets
  A bloated husk (Swamp:1)
  6 tyrant leeches
  14 blink frogs
  5 dream sheep (Lair:1)
  3 shadows
  A shapeshifter (D:12)
  7 slime creatures
  72 yaks
  9 wraiths
  4 basilisks
  A human (Lair:5)
  2 wargs (Orc:2)
  7 steam dragons
  11 vampire mosquitoes
  A naga (shapeshifter) (D:14)
  2 acid dragons (D:10)
  An acid dragon (shapeshifter) (D:15)
  3 swamp worms
  A hell hound (Volcano)
  10 water moccasins
  18 orc warriors
  3 black bears
  2 ice beasts (D:5)
  4 sky beasts
  4 ogres
  21 wolves
  8 centaurs
  2 kobold brigands
  14 bullfrogs
  2 gnoll sergeants
  4 wights (D:7)
  A scorpion (D:6)
  3 killer bees (D:10)
  3 electric eels (Lair:2)
  5 howler monkeys
  A bombardier beetle (D:3)
  A hound (D:5)
  19 orc priests
  Crazy Yiuf (D:2)
  27 orc wizards
  3 sleepcaps
  Jessica (D:2)
  7 iguanas
  A river rat (D:6)
  13 adders
  17 gnolls
  A white imp (D:6)
  2 ufetubi (D:3)
  5 ribbon worms
  11 dart slugs
  59 orcs
  4 endoplasms
  5 giant cockroaches
  8 goblins
  4 hobgoblins
  7 jackals
  3 quokkas (D:1)
  4 ball pythons
  3 bats
  21 kobolds
  7 rats
707 creatures vanquished.

Vanquished Creatures (collateral kills)
  Jorgrun (D:13)
  A dire elephant (D:15)
  A hydra (D:15)
  A death yak (IceCv)
  A water nymph (D:15)
  A slime creature (D:15)
  2 yaks (IceCv)
  A wraith (Lair:3)
  An acid dragon (D:13)
10 creatures vanquished.

Vanquished Creatures (others)
  A bloated husk (Swamp:2)
  A wolf (IceCv)
  12 foxfires
14 creatures vanquished.

Grand Total: 731 creatures vanquished

Notes
Turn   | Place    | Note
-------+----------+-------------------------------------------
     0 | D:1      | cojito the Mountain Dwarf Berserker began the quest for the
                  | Orb.
     0 | D:1      | Reached XP level 1. HP: 19/19 MP: 1/1
   181 | D:1      | Reached XP level 2. HP: 16/26 MP: 2/2
   290 | D:1      | Found a faded altar of an unknown god.
   731 | D:2      | Reached XP level 3. HP: 33/33 MP: 3/3
   850 | D:2      | Noticed Jessica
   858 | D:2      | Killed Jessica
   859 | D:2      | Reached skill level 4 in Fighting
   922 | D:2      | Found a runed translucent door.
   923 | D:2      | Noticed Crazy Yiuf
   929 | D:2      | Killed Crazy Yiuf
   930 | D:2      | Reached XP level 4. HP: 38/40 MP: 4/4
  1318 | D:3      | Reached ** piety under Trog
  1319 | D:3      | Reached skill level 5 in Axes
  1319 | D:3      | Reached XP level 5. HP: 24/47 MP: 5/5
  1604 | D:3      | Reached skill level 5 in Fighting
  2273 | D:4      | Reached XP level 6. HP: 56/56 MP: 6/6
  2401 | D:4      | Reached *** piety under Trog
  2529 | D:4      | Found a shadowy altar of Dithmenos.
  2676 | D:4      | Found a glowing golden altar of the Shining One.
  2800 | D:4      | Reached skill level 5 in Armour
  2848 | D:4      | Found an ancient bone altar of Kikubaaqudgha.
  2849 | D:4      | Found a sacrificial altar of Ru.
  2988 | D:5      | Entered Level 5 of the Dungeon
  2988 | D:5      | Noticed an ice beast
  2999 | D:5      | Killed an ice beast
  3000 | D:5      | Reached XP level 7. HP: 62/62 MP: 7/7
  3258 | D:5      | Reached skill level 6 in Fighting
  3916 | D:6      | Reached skill level 1 in Evocations
  3998 | D:6      | Reached XP level 8. HP: 67/71 MP: 8/8
  4049 | D:6      | Found a glowing drain.
  4053 | Sewer    | Entered a sewer
  4075 | Sewer    | Reached **** piety under Trog
  4229 | D:6      | Reached skill level 7 in Fighting
  5134 | D:7      | Noticed Maggie
  5144 | D:7      | Killed Maggie
  5145 | D:7      | Reached XP level 9. HP: 81/81 MP: 9/9
  5206 | D:7      | Found a staircase to the Ecumenical Temple.
  5250 | D:7      | Reached skill level 8 in Fighting
  5263 | D:7      | Found Fazyatoj's Distillery.
  5269 | D:7      | Bought a potion of lignification for 30 gold pieces
  5269 | D:7      | Bought a potion of might for 40 gold pieces
  5269 | D:7      | Bought a potion of heal wounds for 50 gold pieces
  5269 | D:7      | Bought a potion of ambrosia for 80 gold pieces
  5269 | D:7      | Bought a potion of resistance for 100 gold pieces
  5269 | D:7      | Bought a potion of curing for 30 gold pieces
  5472 | D:7      | Reached skill level 5 in Evocations
  5581 | D:7      | Noticed a boulder beetle
  5589 | D:7      | Killed a boulder beetle
  5670 | D:7      | Reached skill level 9 in Fighting
  5737 | Temple   | Entered the Ecumenical Temple
  5819 | D:8      | Reached skill level 10 in Axes
  5896 | D:8      | Reached ***** piety under Trog
  6118 | D:8      | Noticed Maurice
  6129 | D:8      | Killed Maurice
  6130 | D:8      | Reached XP level 10. HP: 91/91 MP: 5/10
  6454 | D:9      | Reached skill level 10 in Fighting
  6514 | D:9      | Noticed a cane toad
  6528 | D:9      | Killed a cane toad
  6529 | D:9      | Reached skill level 10 in Armour
  6593 | D:9      | Found a staircase to the Lair.
  6651 | D:9      | Found a transporter.
  6652 | D:9      | Found a transporter.
  6653 | D:9      | Noticed a boulder beetle
  6696 | D:9      | Found a runed translucent door.
  6697 | D:9      | Noticed hikkokomori's ghost (novice CoBe)
  7234 | D:10     | Entered Level 10 of the Dungeon
  7285 | Lair:1   | Entered Level 1 of the Lair of Beasts
  7316 | Lair:1   | Noticed an elephant
  7316 | Lair:1   | Noticed an elephant
  7355 | Lair:1   | Killed an elephant
  7356 | Lair:1   | Reached skill level 11 in Fighting
  7356 | Lair:1   | Reached XP level 11. HP: 62/102 MP: 11/11
  7512 | Lair:1   | You fall into a shaft and drop 1 floor!
  8002 | Lair:1   | Identified the +0 pair of gloves "Waerph" {Harm Will+
                  | Stlth-}
  8030 | Lair:1   | Reached skill level 12 in Fighting
  8095 | Lair:1   | Received a gift from Trog
  8550 | Lair:1   | Reached XP level 12. HP: 113/113 MP: 12/12
  8980 | Lair:2   | Found a burning altar of Makhleb.
  8998 | Lair:2   | Found a staircase to the Swamp.
  9015 | Lair:2   | Found a hole to the Spider Nest.
  9722 | Lair:3   | Reached skill level 13 in Fighting
  9841 | Lair:3   | Noticed Josephine
  9856 | Lair:3   | Killed Josephine
  9864 | Lair:3   | Found a dark tunnel.
  9985 | Volcano  | Entered a volcano
 10729 | Volcano  | Noticed a fire dragon
 10736 | Volcano  | a fire dragon changed into a spark wasp
 10736 | Volcano  | Noticed a spark wasp
 10748 | Volcano  | Killed a spark wasp
 11129 | Lair:3   | Identified the blade talisman of the Elven Halls {Int+3
                  | Slay+2}
 11491 | Lair:4   | Reached XP level 13. HP: 110/123 MP: 13/13
 11814 | Lair:4   | Reached skill level 14 in Fighting
 11814 | Lair:4   | Reached skill level 15 in Axes
 12072 | Lair:5   | Entered Level 5 of the Lair of Beasts
 12084 | Lair:5   | Noticed Sonja
 12152 | Lair:5   | Sonja changed into Sonja the human
 12152 | Lair:5   | Noticed Sonja
 12159 | Lair:5   | Killed Sonja the human
 12236 | Lair:5   | Found a runed translucent door.
 12237 | Lair:5   | Found a viscous altar of Jiyva.
 12344 | Lair:5   | Found a frozen archway.
 12509 | IceCv    | Entered an ice cave
 13241 | IceCv    | Noticed a frost giant
 13256 | IceCv    | Killed a frost giant
 13802 | Lair:5   | Reached skill level 15 in Fighting
 13802 | Lair:5   | Reached XP level 14. HP: 128/135 MP: 14/14
 14072 | Lair:5   | Received a gift from Trog
 14267 | Lair:5   | Reached skill level 10 in Evocations
 14437 | Lair:5   | Reached skill level 15 in Armour
 14834 | Lair:5   | Found a staircase to the Slime Pits.
 14834 | Lair:5   | Noticed an azure jelly
 15044 | D:11     | Identified the +0 chain mail of Purpose {rCorr Str-5 Dex-3
                  | SInv}
 15063 | D:10     | Noticed Fannar
 15076 | D:10     | Killed Fannar
 15345 | D:10     | Found a staircase to the Orcish Mines.
 15360 | D:10     | Found a roughly hewn altar of Beogh.
 15829 | Orc:1    | Entered Level 1 of the Orcish Mines
 15831 | Orc:1    | Noticed Nergalle
 15850 | Orc:1    | Killed Nergalle
 15870 | Orc:1    | Received a gift from Trog
 15965 | Orc:1    | Found a roughly hewn altar of Beogh.
 16149 | Orc:1    | Noticed Erica
 16158 | Orc:1    | Killed Erica
 16362 | Orc:1    | Found Mehuenah's Magic Scroll Shoppe.
 16365 | Orc:1    | Bought 3 scrolls of blinking for 315 gold pieces
 16365 | Orc:1    | Bought a scroll of teleportation for 42 gold pieces
 16365 | Orc:1    | Bought a scroll of identify for 28 gold pieces
 16365 | Orc:1    | Bought a scroll of teleportation for 42 gold pieces
 16365 | Orc:1    | Bought a scroll of fear for 56 gold pieces
 16365 | Orc:1    | Bought a scroll of enchant weapon for 105 gold pieces
 16365 | Orc:1    | Bought a scroll of revelation for 105 gold pieces
 16365 | Orc:1    | Bought a scroll of immolation for 56 gold pieces
 16402 | Orc:2    | Entered Level 2 of the Orcish Mines
 16435 | Orc:2    | Found a staircase to the Elven Halls.
 16435 | Orc:2    | Found Ushudoij's Mass Market.
 16960 | Orc:2    | Found Vyilig's Armour Emporium.
 16983 | Orc:2    | Reached skill level 16 in Fighting
 17344 | Orc:2    | Found Ihafagu's Distillery.
 17352 | Orc:2    | Found Botsut's Armour Boutique.
 17356 | Orc:2    | Found Utobacroim's Weapon Boutique.
 17447 | Orc:2    | Bought a potion of berserk rage for 60 gold pieces
 17447 | Orc:2    | Bought a potion of curing for 36 gold pieces
 17447 | Orc:2    | Bought a potion of heal wounds for 60 gold pieces
 17447 | Orc:2    | Bought a potion of invisibility for 96 gold pieces
 17447 | Orc:2    | Bought a potion of might for 48 gold pieces
 17447 | Orc:2    | Bought a potion of haste for 120 gold pieces
 17447 | Orc:2    | Bought a potion of enlightenment for 60 gold pieces
 17447 | Orc:2    | Bought a potion of berserk rage for 60 gold pieces
 17447 | Orc:2    | Bought a potion of berserk rage for 60 gold pieces
 17447 | Orc:2    | Bought a potion of attraction for 36 gold pieces
 17834 | D:11     | Reached ****** piety under Trog
 17835 | D:11     | Reached XP level 15. HP: 108/145 MP: 5/15
 17836 | D:11     | Identified the +2 glaive "Gill" {flame, Str+2 Stlth+} (Trog
                  | gifted it to you on level 11 of the Dungeon)
 17836 | D:11     | Received a gift from Trog
 18213 | D:11     | Identified the +2 ring mail of Grace {*Slow Int+5}
 19955 | D:13     | Noticed Jorgrun
 19968 | D:13     | Killed Jorgrun
 19969 | D:13     | Reached skill level 17 in Fighting
 20333 | D:13     | Identified a scroll of acquirement
 20334 | D:13     | Acquired a manual of Fighting
 20775 | D:13     | Found the +5 Lochaber axe {reach-cleave, Poleaxe ^Drain}
 21005 | D:14     | Found a gate to the Vaults.
 21053 | D:13     | Reached skill level 18 in Fighting
 21668 | D:14     | Found Jean's Assorted Antiques.
 22025 | D:15     | Entered Level 15 of the Dungeon
 22103 | D:15     | Found a staircase to the Depths.
 22235 | D:15     | Noticed Nessos
 22237 | D:15     | Nessos changed into Nessos the elephant
 22237 | D:15     | Noticed Nessos
 22243 | D:15     | Killed Nessos the elephant
 22381 | D:15     | Reached skill level 19 in Fighting
 22410 | D:15     | Reached XP level 16. HP: 160/160 MP: 16/16
 23076 | Orc:2    | Bought a +4 ring mail of poison resistance for 336 gold
                  | pieces
 23290 | Swamp:1  | Entered Level 1 of the Swamp
 23735 | Swamp:1  | Received a gift from Trog
 24790 | Swamp:2  | Reached skill level 20 in Fighting
 25492 | Swamp:3  | Killed from afar by a spriggan druid

Illustrated notes

Levels and vault maps discovered:
D:1:      evilmike_arrival_plus, layout_basic, ebering_ecumenical_altar_hall
D:2:      layout_rooms, uniq_crazy_yiuf_cottage, uniq_jessica
D:3:      layout_loops_ring, serial_glass, glass_columns_a, glass_columns_a
D:4:      layout_rooms, mainiacjoe_overflow_catch_the_wave,
          gammafunk_temple_overflow_statue, nicolae_nh_ransacked_shop
D:5:      kennysheep_slugbush, layout_cave_pools, serial_rivers,
          chequers_serial_rivers_micro_b, chequers_serial_rivers_room_a,
          chequers_serial_rivers_micro_c, chequers_serial_rivers_micro_c,
          chequers_serial_rivers_marsh
D:6:      layout_loops_ring, lightli_sewer_entry_pipes
D:7:      layout_loops_ring, minmay_temple_entry_overgrown, serial_shops,
          nicolae_diamond_shop, minmay_microvault, uniq_maggie
D:8:      layout_loops_cross, uniq_maurice
D:9:      gammafunk_boulding_lane, layout_basic, dpeg_lair_monsters,
          hellmonk_ghost_big_iron
D:10:     layout_roguey, minmay_orc_entry_temple_small,
          kennysheep_generic_room_2, uniq_fannar
D:11:     layout_cave_pools, minmay_pinched_square
D:12:     layout_grid_maze
D:13:     layout_long_grid, nicolae_guarded_unrand_lochaber, uniq_jorgrun
D:14:     layout_roguey, lightli_vaults_fourway_checkpoint, serial_shops, shop,
          dk_noncrumbling_4
D:15:     hangedman_depths_entry_try_elsewhere_first, layout_gridville,
          roderic_lattice_a, uniq_nessos
Temple:   nicolae_temple_two_arcs
Lair:1:   layout_cave_pods, grunt_megastairs_4
Lair:2:   layout_regular_city, minmay_swamp_entry_eels,
          spider_nest_entry_web_field, basic_altar
Lair:3:   layout_chaotic_city, nicolae_volcano_entry_hallway,
          grunt_megastairs_3, uniq_josephine
Lair:4:   layout_misc_corridors, lemuel_old_faithful
Lair:5:   grunt_lair_end_beastmaster, layout_regular_city, slime_entry_2,
          portal_ice_cave_demonic_guard, lemuel_fruit_tree, uniq_sonja
Swamp:1:  layout_basic_swamp, evilmike_swamp_ruin_house_3, swamp_pool_1_2,
          hangedman_swamp_cone, nicolae_swamp_treefoil, lightli_tree_ring
Swamp:2:  layout_basic_swamp, serial_swamp_ruin, evilmike_swamp_ruin_rubble_2,
          evilmike_swamp_ruin_house_6, evilmike_swamp_ruin_house_4
Swamp:3:  layout_basic_swamp, evilmike_swamp_ruin_rubble_1, swamp_pool_1_2,
          uniq_bai_suzhen
Orc:1:    layout_caves, basic_altar, serial_shops, nicolae_shop_rolled_up,
          uniq_nergalle, uniq_erica
Orc:2:    st_orc_elflike, layout_diamond_mine, minmay_shop_mass

Skill      XL: |  1  2  3  4  5  6  7  8  9 10 11 12 13 14 15 16 |
---------------+-------------------------------------------------+-----
Axes           | 4 5 6 7 8 10 11 13 14 16 17 18 19 | 19.2
Fighting       | 4 5 6 7 9 11 12 13 15 16 19 20 | 20.3
Armour         | 3 4 5 6 7 9 10 12 13 14 16 17 | 17.6
Evocations     | 1 4 5 7 9 10 | 10.4
Dodging        | 3 |  3.7

Action                     |  1- 3 |  4- 6 |  7- 9 | 10-12 | 13-15 | 16-18 || total
---------------------------+-------+-------+-------+-------+-------+-------++-------
  Melee: Hand axe          |    91 |   219 |   401 |   585 |   481 |       ||  1777
         Unarmed           |       |       |     7 |     4 |       |       ||    11
         Morningstar       |       |       |       |       |     7 |       ||     7
         Executioner's axe |       |       |       |       |   467 |       ||   467
         Broad axe         |       |       |       |       |   197 |       ||   197
         Lochaber axe      |       |       |       |       |    56 |   165 ||   221
 Invoke: Berserk           |     4 |     7 |     9 |    19 |    24 |     3 ||    66
         Trog's Hand       |       |       |     1 |     6 |     9 |       ||    16
         Brothers in Arms  |       |       |       |     1 |     3 |     1 ||     5
  Evoke: Wand              |       |       |     7 |    17 |    17 |     5 ||    46
    Use: Scroll            |       |     8 |     7 |     4 |    13 |     5 ||    37
         Potion            |       |       |       |     2 |    10 |     1 ||    13
   Stab: Paralysed         |       |       |     3 |       |       |       ||     3
         Confused          |       |       |     1 |       |       |       ||     1
         Distracted        |       |       |       |     1 |       |       ||     1
         Petrifying        |       |       |       |       |     5 |       ||     5
         Invisible         |       |       |       |       |     3 |       ||     3
         Petrified         |       |       |       |       |    12 |       ||    12
 Armour: Leather armour    |    33 |       |       |       |       |       ||    33
         Animal skin       |     1 |       |       |       |       |       ||     1
         Chain mail        |    34 |   208 |   173 |    30 |  1012 |    10 ||  1467
         Plate armour      |       |       |    88 |   414 |       |       ||   502
         Skin              |       |       |     2 |       |       |       ||     2
         Ring mail         |       |       |       |       |       |   102 ||   102
  Dodge: Dodged            |    36 |    83 |   246 |   270 |   736 |   151 ||  1522

Table legend: (Time is in decaauts)
 A = Elapsed time spent in this place.
 B = Non-inter-level travel time spent in this place.
 C = Inter-level travel time spent in this place.
 D = Time resting spent in this place.
 E = Time spent auto-exploring this place.
 F = Levels seen in this place.
 G = Mean time per level.
                   A        B        C        D        E       F      G
               +--------+--------+--------+--------+--------+-----+--------+
         Total |  25806 |  24295 |   1511 |   6292 |  12330 |  29 |  889.9 |
       Dungeon |  13932 |  13007 |    925 |   2683 |   7351 |  15 |  928.8 |
        Temple |      1 |      1 |      0 |      0 |      0 |   1 |    1.0 |
          Lair |   5770 |   5470 |    300 |   1426 |   2684 |   5 | 1154.0 |
         Swamp |   2357 |   2274 |     83 |    799 |   1111 |   3 |  785.7 |
  Orcish Mines |   1811 |   1610 |    201 |    476 |    778 |   2 |  905.5 |
         Sewer |     93 |     93 |      0 |      0 |     46 |   1 |   93.0 |
      Ice Cave |    943 |    943 |      0 |    349 |    242 |   1 |  943.0 |
       Volcano |    894 |    894 |      0 |    555 |    117 |   1 |  894.0 |
               +--------+--------+--------+--------+--------+-----+--------+

Top non-repeatable levels by time:
  Lair:5: 1739 daAuts
  Lair:1: 1452 daAuts
    D:12: 1298 daAuts
    D:13: 1296 daAuts
   Orc:2: 1222 daAuts
 Swamp:2: 1220 daAuts
    D:11: 1085 daAuts
     D:6: 1063 daAuts
  Lair:2: 1031 daAuts
 Swamp:1: 1023 daAuts
     D:9: 1003 daAuts
     D:5: 956 daAuts
   IceCv: 943 daAuts
    D:14: 930 daAuts
    D:15: 917 daAuts
